 Dungeon Crawl Stone Soup version 0.29.1-1-gd02db6906a (webtiles) character file.

Game seed: 3399307658186712871

152 plokij the Trooper (level 5, -1/47 HPs)
             Began as a Minotaur Fighter on Oct 20, 2022.
             Was an Initiate of Okawaru.
             Slain by Grinder (4 damage)
             ... on level 3 of the Dungeon.
             The game lasted 00:06:44 (2700 turns).

plokij the Trooper (Minotaur Fighter)               Turns: 2700, Time: 00:06:44

Health: -1/47      AC: 10    Str: 21    XL:     5   Next: 11%
Magic:  4/4        EV:  8    Int:  5    God:    Okawaru [......]
Gold:   195        SH:  4    Dex: 11    Spells: 4/4 levels left

rFire   . . .      SeeInvis .   a - +0 long sword
rCold   . . .      Faith    .   c - +0 buckler
rNeg    . . .      Spirit   .   j - +0 chain mail
rPois   .          Reflect  .   (helmet restricted)
rElec   .          Harm     .   (no cloak)
rCorr   .          Rampage  .   f - +0 pair of gloves
Will    .....                   (no boots)
Stlth   ..........              (no amulet)
HPRegen 0.15/turn               (no ring)
MPRegen 0.09/turn               (no ring)

@: no status effects
A: horns 2, retaliatory headbutt
a: Renounce Religion


You were on level 3 of the Dungeon.
You worshipped Okawaru.
Okawaru was noncommittal.
You visited 1 branch of the dungeon, and saw 3 of its levels.

You collected 195 gold pieces.

Inventory:

Hand Weapons
 a - a +0 long sword (weapon)
Armour
 c - a +0 buckler (worn)
 f - a +0 pair of gloves (worn)
 j - a +0 chain mail (worn)
Wands
 p - a wand of acid (5)
Scrolls
 g - 2 scrolls of noise {unknown}
 h - a scroll of identify {unknown}
 k - a scroll of poison {unknown}
 m - a scroll of magic mapping {unknown}
 o - 3 scrolls of teleportation {unknown}
 q - 2 scrolls of brand weapon {unknown}
Potions
 b - a potion of flight {unknown}
 d - 3 potions of might
 e - 2 potions of ambrosia {unknown}
 i - a potion of lignification {unknown}
 l - a potion of heal wounds {unknown}
 n - 2 potions of brilliance {unknown}


   Skills:
 + Level 4.3 Fighting
 * Level 4.3 Long Blades
 + Level 4.2 Armour
 + Level 1.9 Dodging
 + Level 4.3 Shields


You had 4 spell levels left.
You didn't know any spells.
Your spell library contained the following spells:

 Spells                   Type           Power      Damage    Failure   Level
 Apportation              Tloc           0%         N/A       99%         1
 Freeze                   Ice            0%         1d3       99%         1
 Frozen Ramparts          Ice            0%         1d1       100%        3
 Inner Flame              Hex/Fire       0%         N/A       100%        3
 Lesser Beckoning         Tloc           0%         N/A       100%        3
 Teleport Other           Tloc           0%         N/A       100%        3
 Cause Fear               Hex            0%         N/A       100%        4
 Hailstorm                Conj/Ice       0%         3d3       100%        4
 Dispersal                Tloc           0%         N/A       100%        6
 Discord                  Hex            0%         N/A       100%        8


Dungeon Overview and Level Annotations

Branches:
Dungeon (3/15)

Altars:
Kikubaaqudgha
Nemelex Xobeh
Okawaru
Sif Muna
Uskayaw
Yredelemnul
Zin

Shops:
D:1 (

Annotations:
D:3 Grinder


Innate Abilities, Weirdness & Mutations

You have a pair of horns on your head.
You reflexively headbutt those who attack you in melee.


Message History

Grinder is moderately wounded.
Grinder barely misses you. You furiously retaliate!
You headbutt Grinder! Grinder hits you but does no damage.
You closely miss Grinder.
Grinder is heavily wounded.
Grinder blinks!
Grinder hits you but does no damage.
There is a stone staircase leading down here.
You hit Grinder but do no damage.
Grinder is heavily wounded.
Grinder blinks!
Grinder says, "Tell me all your secrets, or I'll kill you."
Grinder blinks!
Grinder completely misses you. You furiously retaliate!
You headbutt Grinder! You closely miss Grinder. Your headbutt misses Grinder.
Grinder is severely wounded.
Grinder gestures at you. Pain shoots through your body! Grinder hits you.
You closely miss Grinder.
Grinder is severely wounded.
Grinder hits you.
You writhe in agony.
You closely miss Grinder.
Grinder is severely wounded.
Grinder gestures at you.
You suddenly lose the ability to move!
Grinder hits you. Grinder gestures at you. Pain shoots through your body!
* * * LOW HITPOINT WARNING * * *
Grinder hits you.
* * * LOW HITPOINT WARNING * * *
You writhe in agony.
* * * LOW HITPOINT WARNING * * *
You can move again.
You hit Grinder but do no damage. Your headbutt misses Grinder.
Grinder is severely wounded.
Grinder gestures at you. You resist with significant effort. Grinder hits you.
You die...

#.###...## #.# #.###..# #.#
##.## #.# ##...#.# #.# #.#
#.#####.##.# #.# #.#######
#.......##.# #.# #.......#
#######.##.# #.# #######.#
#.##.# #.##########.#######
#.##)#
#.........5....<)..###.##.##
#..........@...........#....
##.########.######.#####....
#.# #># #....5..... #.# #.#
#####.##### #.# #.# #.# #.#
#†# #.# #.# #.# ####.#
####.########.# #....#
#.............# #.####


You could see Grinder.

Vanquished Creatures
  Ijyb (D:3)
  Terence (D:2)
  An adder (D:3)
  5 worms (D:2)
  A dart slug (D:1)
  2 orcs (D:3)
  7 bats
  8 endoplasms
  3 giant cockroaches
  4 hobgoblins
  12 kobolds
  2 quokkas
  6 ball pythons
  6 frilled lizards
  6 goblins
  6 rats
71 creatures vanquished.

Notes
Turn   | Place    | Note
-------+----------+-------------------------------------------
     0 | D:1      | plokij the Minotaur Fighter began the quest for the Orb.
     0 | D:1      | Reached XP level 1. HP: 19/19 MP: 0/0
    32 | D:1      | Got the Papyrus of Direction
    56 | D:1      | Reached XP level 2. HP: 27/27 MP: 1/1
   200 | D:1      | Found Lereng's Weapon Boutique.
   439 | D:1      | Reached skill level 1 in Dodging
   487 | D:1      | Reached XP level 3. HP: 31/33 MP: 2/2
   999 | D:2      | Found a faded altar of an unknown god.
  1127 | D:2      | Noticed Terence
  1134 | D:2      | Killed Terence
  1135 | D:2      | Reached XP level 4. HP: 27/40 MP: 3/3
  1913 | D:3      | Found an ancient bone altar of Kikubaaqudgha.
  1916 | D:3      | Found a hide-covered altar of Uskayaw.
  1916 | D:3      | Identified the +1 hat of Lies {+Blink rPois rC- Regen+}
  1920 | D:3      | Found a glowing silver altar of Zin.
  1921 | D:3      | Found an iron altar of Okawaru.
  1926 | D:3      | Found a sparkling altar of Nemelex Xobeh.
  1930 | D:3      | Became a worshipper of Warmaster Okawaru
  1941 | D:3      | Noticed Ijyb
  1960 | D:3      | Killed Ijyb
  2136 | D:3      | Noticed Grinder
  2422 | D:3      | Found a shimmering blue altar of Sif Muna.
  2422 | D:3      | Found a basalt altar of Yredelemnul.
  2499 | D:3      | Reached XP level 5. HP: 47/47 MP: 4/4
  2695 | D:3      | Paralysed by Grinder for 4 turns
  2698 | D:3      | HP: 2/47 [Grinder (3)]
  2700 | D:3      | Slain by Grinder

Illustrated notes

Levels and vault maps discovered:
D:1:      spicycebolla_arrival_xxxplode, layout_rooms, serial_shops,
          nicolae_shop_bloodbath_and_beyond, minmay_cut_off
D:2:      layout_basic, ebering_ecumenical_altar_mist, uniq_terence
D:3:      layout_loops_ring, gammafunk_temple_overflow_elements,
          nicolae_overflow_hallway_of_the_gods, uniq_grinder, uniq_ijyb

Skill      XL: |  1  2  3  4 |
---------------+-------------+-----
Long Blades    | 3 4 |  4.3
Dodging        | 1 |  1.9
Fighting       | 4 |  4.3
Shields        | 4 |  4.3
Armour         | 4 |  4.2

Action                   |  1- 3 |  4- 6 || total
-------------------------+-------+-------++-------
Melee: Long sword        |    83 |   103 ||   186
       Headbutt          |    11 |    13 ||    24
Armor: Scale mail        |    47 |       ||    47
       Chain mail        |     7 |    63 ||    70
Dodge: Dodged            |    46 |    25 ||    71
Block: Buckler           |    23 |    19 ||    42
